 Dungeon Crawl Stone Soup version 0.30-a0-743-gbfdf073431 (webtiles) character file.

Game seed: 2726023107126690814

1362 hikkokomori the Chopper (level 8, 0/105 HPs)
             Began as a Minotaur Gladiator on Feb 8, 2023.
             Was a Believer of Okawaru.
             Slain by a gnoll
             ... wielding a +0 spear of venom
             ... led by a gnoll bouda
              (4 damage)
             ... on level 6 of the Dungeon.
             The game lasted 00:04:06 (3880 turns).

hikkokomori the Chopper (Minotaur Gladiator)        Turns: 3880, Time: 00:04:06

Health: 0/105      AC: 24    Str: 19    XL:     8   Next: 37%
Magic:  16/18      EV:  2    Int:  5    God:    Okawaru [**....]
Gold:   237        SH:  0    Dex: 14    Spells: 7/7 levels left

rFire   . . .      SeeInvis .    a - +0 war axe
rCold   . . .      Faith    .    (no shield)
rNeg    . . .      Spirit   .    (body armour currently unavailable)
rPois   +          Reflect  .    (helmet currently unavailable)
rElec   .          Harm     .    (cloak currently unavailable)
rCorr   .          Rampage  .    (gloves currently unavailable)
Will    .....      NoTele   +    (boots currently unavailable)
Stlth   ++++                     (no amulet)
HPRegen 0.37/turn                v - ring of flight
MPRegen 0.16/turn                k - ring of magical power

@: lethally poisoned (0 -> -14), tree-form, heroic, weakened, hasted, very quick
A: stationary, stasis, torment immunity, boosted hp, (horns 2), (retaliatory
headbutt)
a: Renounce Religion, Heroism


You were on level 6 of the Dungeon.
You worshipped Okawaru.
Okawaru was pleased with you.
You were a tree.
You visited 2 branches of the dungeon, and saw 7 of its levels.

You collected 237 gold pieces.

Inventory:

Hand Weapons
 a - a +0 war axe (weapon)
Missiles
 d - 3 throwing nets (quivered)
 e - a javelin
Armour
 b - a +0 leather armour
 c - a +0 hat (melded)
 r - a +2 pair of gloves (melded)
 B - a +0 ring mail of willpower (melded)
 F - a +0 cloak (melded)
 K - a +0 pair of boots (melded)
Jewellery
 k - a ring of magical power (right branch)
 o - a +6 ring of intelligence
 v - a ring of flight (left branch)
 G - a ring of see invisible
 M - an amulet of regeneration
Wands
 u - a wand of quicksilver (15)
 C - a wand of flame (66)
 I - a wand of iceblast (3)
Scrolls
 g - 12 scrolls of identify {unknown}
 h - 2 scrolls of poison {unknown}
 i - 3 scrolls of enchant weapon {unknown}
 p - 2 scrolls of fog {unknown}
 t - 2 scrolls of teleportation {unknown}
 w - 3 scrolls of vulnerability {unknown}
 x - 2 scrolls of immolation {unknown}
 y - 2 scrolls of amnesia {unknown}
 A - a scroll of noise {unknown}
 D - a scroll of fear {unknown}
 J - a scroll of silence {unknown}
 L - a scroll of torment {unknown}
Potions
 f - 2 potions of brilliance {unknown}
 j - 2 potions of flight {unknown}
 l - 2 potions of might {unknown}
 m - 3 potions of haste
 n - 3 potions of degeneration {unknown}
 q - 3 potions of lignification
 s - a potion of heal wounds {unknown}
 z - a potion of curing {unknown}
 E - 2 potions of mutation {unknown}
 H - 3 potions of resistance {unknown}


   Skills:
 + Level 6.2(11.2) Fighting
 + Level 6.8(11.8) Axes
 - Level 2.0(7.0) Throwing
 + Level 4.1(9.1) Armour
 - Level 4.6(9.6) Dodging
 + Level 4.1(9.1) Stealth
 + Level 3.4 Invocations


You had 7 spell levels left.
You didn't know any spells.
Your spell library contained the following spells:

 Spells                   Type           Power      Damage    Failure   Level
 Ensorcelled Hibernation  Hex/Ice        0%         N/A       63%         2
 Passwall                 Tmut/Erth      0%         N/A       63%         2
 Inner Flame              Hex/Fire       0%         N/A       85%         3
 Ozocubu's Armour         Ice            0%         N/A       85%         3
 Swiftness                Air            0%         N/A       85%         3
 Flame Wave               Conj/Fire      0%         2d4       99%         4
 Sticky Flame             Conj/Fire      0%         2d3       99%         4
 Metabolic Englaciation   Hex/Ice        0%         N/A       100%        5
 Simulacrum               Ice/Necr       Unusable   N/A       N/A         6

Dungeon Overview and Level Annotations

Branches:
Dungeon (6/15)             Temple (1/1) D:4

Altars:
Ashenzari
Fedhas
Hepliaklqana
Kikubaaqudgha
Makhleb
Nemelex Xobeh
Okawaru
Sif Muna
Uskayaw
Wu Jian
The Shining One

Shops:
D:4 [


Innate Abilities, Weirdness & Mutations

You are a tree.
Your roots penetrate the ground, keeping you stationary.
You cannot be teleported.
You are immune to unholy pain and torment.
Your maximum health is greatly increased.
Your equipment is partially melded.
((You have a pair of horns on your head.))
((You reflexively headbutt those who attack you in melee.))


Message History

You are too injured to fight recklessly!
You are too injured to fight recklessly!
You are too injured to fight recklessly!
You are too injured to fight recklessly!
You are too injured to fight recklessly!
You are too injured to fight recklessly!
You are too injured to fight recklessly!
You are too injured to fight recklessly!
You are too injured to fight recklessly!
You are too injured to fight recklessly!
You are too injured to fight recklessly!
You are too injured to fight recklessly!
* * * LOW HITPOINT WARNING * * *
You feel very sick.
You see here a +1 spear of flaming.
It was a potion of haste.
You feel yourself speed up.
* * * LOW HITPOINT WARNING * * *
You feel very sick.
The gnoll bouda gazes fiercely through you!
You feel your attacks grow feeble.
You gain the combat prowess of a mighty hero.
* * * LOW HITPOINT WARNING * * *
You feel sick. The gnoll bouda closely misses you.
* * * LOW HITPOINT WARNING * * *
You feel sick. The gnoll hits you but does no damage.
You are more poisoned.
You hit the gnoll but do no damage. You headbutt the gnoll!
The gnoll is severely wounded.
* * * LOW HITPOINT WARNING * * *
You feel very sick.
It was a potion of lignification.
You turn into a tree.
Your +0 cloak melds into your body.
Your +0 hat melds into your body.
Your +2 pair of gloves melds into your body.
Your +0 pair of boots melds into your body.
Your +0 ring mail of willpower melds into your body.
You feel less strong-willed.
Your roots penetrate the ground.
* * * LOW HITPOINT WARNING * * *
You feel very sick.
The gnoll hits you with a +0 spear of venom.
You die...

####.# ..#.. +###+
#.#.# ....# ##.#.##
....# ......######
+###+ #.#...g♣g.#
..+. ###=#...###.#
..#. #........g..#
_.#.+##+.#.##)######
..#.#..#..........
..+.#..#.#.......#
+###'..'.#..#..###
....#..#.........
....#..####.####.#


You could see a gnoll bouda and a gnoll (swift).

Vanquished Creatures
  2 ice beasts (D:5)
  4 ogres
  A phantom (D:5)
  2 bullfrogs
  A scorpion (D:5)
  A necrophage (D:3)
  A hound (D:5)
  A gnoll bouda (D:4)
  3 orc priests
  2 iguanas
  4 orc wizards
  10 gnolls
  4 adders
  2 worms
  2 dart slugs
  12 orcs
  5 bats
  4 endoplasms
  2 giant cockroaches (D:1)
  4 goblins
  9 hobgoblins
  A quokka (D:4)
  6 ball pythons
  3 frilled lizards
  6 kobolds
  A rat (D:1)
93 creatures vanquished.

Notes
Turn   | Place    | Note
-------+----------+-------------------------------------------
     0 | D:1      | hikkokomori the Minotaur Gladiator began the quest for the
                  | Orb.
     0 | D:1      | Reached XP level 1. HP: 18/18 MP: 0/0
   104 | D:1      | Reached XP level 2. HP: 25/25 MP: 1/1
   320 | D:1      | Found a faded altar of an unknown god.
   415 | D:1      | Reached skill level 1 in Stealth
   568 | D:2      | Reached XP level 3. HP: 31/31 MP: 2/2
  1075 | D:3      | Noticed a necrophage
  1082 | D:3      | Killed a necrophage
  1083 | D:3      | Reached XP level 4. HP: 27/38 MP: 3/3
  1665 | D:4      | Reached XP level 5. HP: 42/46 MP: 4/4
  2010 | D:4      | Found a staircase to the Ecumenical Temple.
  2067 | D:4      | Found Ikhefim's Antique Armour Shoppe.
  2076 | D:4      | Reached skill level 5 in Axes
  2241 | Temple   | Entered the Ecumenical Temple
  2254 | Temple   | Became a worshipper of Warmaster Okawaru
  2298 | D:5      | Entered Level 5 of the Dungeon
  2298 | D:5      | Noticed an ogre
  2462 | D:5      | Reached XP level 6. HP: 53/53 MP: 5/5
  2473 | D:5      | Reached skill level 1 in Armour
  2473 | D:5      | Reached skill level 1 in Invocations
  2566 | D:5      | Reached XP level 7. HP: 12/60 MP: 7/7
  2768 | D:5      | Reached * piety under Okawaru
  2769 | D:5      | Reached skill level 5 in Fighting
  2829 | D:5      | HP: 1/61 [ice beast (11)]
  2832 | D:5      | Reached XP level 8. HP: 2/70 MP: 9/9
  3109 | D:5      | Reached ** piety under Okawaru
  3832 | D:6      | Found a sparkling altar of Nemelex Xobeh.
  3880 | D:6      | HP: 4/105 [poisoned by a gnoll]
  3880 | D:6      | Slain by a gnoll

Illustrated notes

Levels and vault maps discovered:
D:1:      dpeg_arrival_stone_temple_mockup, layout_rooms,
          ebering_ecumenical_altar_hall
D:2:      layout_rooms
D:3:      minmay_bubble_buster, layout_rooms
D:4:      layout_basic, minmay_temple_entry_junction, serial_shops,
          nicolae_square_shop
D:5:      layout_cave_pools
D:6:      layout_basic, mainiacjoe_overflow_24_doors
Temple:   hellmonk_temple_of_storms

Skill      XL: |  1  2  3  4  5  6  7  8 |
---------------+-------------------------+-----
Axes           | 4 5 6 |  6.8
Fighting       | 3 4 5 6 |  6.2
Stealth        | 1 2 3 4 |  4.1
Dodging        | 4 |  4.6
Armour         | 1 3 4 |  4.1
Invocations    | 1 2 3 |  3.4
Throwing       | |  2.0

Action                     |  1- 3 |  4- 6 |  7- 9 || total
---------------------------+-------+-------+-------++-------
  Melee: War axe           |    56 |    76 |    97 ||   229
         Headbutt          |     6 |     7 |    22 ||    35
         Punch             |       |       |     1 ||     1
 Invoke: Heroism           |       |       |     1 ||     1
    Use: Potion            |       |       |     2 ||     2
   Stab: Sleeping          |       |     2 |     3 ||     5
         Distracted        |       |       |     1 ||     1
 Armour: Leather armour    |    22 |    10 |       ||    32
         Ring mail         |       |    19 |    53 ||    72
  Dodge: Dodged            |    37 |    57 |    66 ||   160

Table legend: (Time is in decaauts)
 A = Elapsed time spent in this place.
 B = Non-inter-level travel time spent in this place.
 C = Inter-level travel time spent in this place.
 D = Time resting spent in this place.
 E = Time spent auto-exploring this place.
 F = Levels seen in this place.
 G = Mean time per level.
                   A        B        C        D        E       F      G
               +--------+--------+--------+--------+--------+-----+--------+
         Total |   3930 |   3698 |    232 |    177 |   2888 |   7 |  561.4 |
       Dungeon |   3905 |   3685 |    220 |    177 |   2884 |   6 |  650.8 |
        Temple |     24 |     13 |     11 |      0 |      4 |   1 |   24.0 |
               +--------+--------+--------+--------+--------+-----+--------+

Top non-repeatable levels by time:
     D:5: 970 daAuts
     D:4: 868 daAuts
     D:1: 575 daAuts
     D:3: 551 daAuts
     D:6: 485 daAuts
     D:2: 455 daAuts
  Temple: 24 daAuts
